 Dungeon Crawl Stone Soup version 0.30-a0-743-gbfdf073431 (webtiles) character file.

Game seed: 462579808455366798

597553 KingMieszko3 the Conqueror (level 26, -10/266 HPs)
             Began as a Minotaur Berserker on Feb 7, 2023.
             Was a High Priest of Trog.
             Killed from afar by an ancient lich (53 damage)
             ... with a crystal spear
             ... on level 5 of the Realm of Zot.
             The game lasted 03:01:27 (73576 turns).

KingMieszko3 the Conqueror (Minotaur Berserker)    Turns: 73576, Time: 03:01:28

Health: -10/266    AC: 48    Str: 24    XL:     26   Next: 39%
Magic:  22/22      EV: 18    Int:  9    God:    Trog [*****.]
Gold:   4702       SH:  5    Dex: 14    Spells: 25/25 levels left

rFire   + + .      SeeInvis +    G - +6 executioner's axe "Esiaju Caxi" {flame, Will+}
rCold   + + +      Faith    .    (shield currently unavailable)
rNeg    . . .      Spirit   .    U - +12 crystal plate armour {rC+}
rPois   +          Reflect  +    m - +1 hat "Gitsoeri" {Int+3 Slay+3}
rElec   +          Harm     .    x - +2 cloak "Jinoqiun" {rElec rF+++ Str-4 Slay-5}
rCorr   .          Rampage  .    H - +0 pair of gloves "Cevet" {Will++ Stlth-}
Will    +++++                    w - +0 pair of boots "Hehe" {rC+ Slay+3} Stlth
                                 p - amulet of reflection
HPRegen 2.44/turn                Z - ring of see invisible
MPRegen 0.18/turn                C - ring of Wariness {rPois rC++ EV+5 Int+2}

@: lethally poisoned (-10 -> -33), about to teleport, fire vulnerable,
strong-willed, corroded, on berserk cooldown, regenerating, slowed, constricted,
unable to drink, very slow
A: horns 2, retaliatory headbutt, regeneration 1, electricity resistance, weak
1, no potion heal 1
}: 3/15 runes: barnacled, silver, gossamer
a: Renounce Religion, Berserk, Trog's Hand, Brothers in Arms


You were on level 5 of the Realm of Zot.
You worshipped Trog.
Trog was extremely pleased with you.
You visited 11 branches of the dungeon, and saw 51 of its levels.
You also visited: Bailey, Ice Cave, Wizlab and Desolation.

You collected 7875 gold pieces.
You spent 3173 gold pieces at shops.

Inventory:

Hand Weapons
 G - the +6 executioner's axe "Esiaju Caxi" (weapon) {flame, Will+}
   (You acquired it on level 8 of the Dungeon)

   Will:      It increases your willpower.
Armour
 m - the +1 hat "Gitsoeri" (worn) {Int+3 Slay+3}
   (You found it on level 4 of the Vaults)

   Int:       It affects your intelligence (+3).
   Slay:      It affects your accuracy & damage with ranged weapons and melee
   (+3).
 w - the +0 pair of boots "Hehe" (worn) {rC+ Slay+3}
   (You found it on level 12 of the Dungeon)

   Slay:      It affects your accuracy & damage with ranged weapons and melee
   (+3).
   rC:        It protects you from cold.
 x - the +2 cloak "Jinoqiun" (worn) {rElec rF+++ Str-4 Slay-5}
   (You acquired it on level 3 of the Depths)

   Str:       It affects your strength (-4).
   Slay:      It affects your accuracy & damage with ranged weapons and melee
   (-5).
   rF:        It renders you almost immune to fire.
   rElec:     It insulates you from electricity.
 y - the +4 dragonskin cloak
   (You took it off Tiamat on level 1 of the Realm of Zot)

   Avatar's Aegis: It grants the wearer a chance to resist fire, cold, poison,
   electricity, acid, and negative energy.
 E - a +1 cloak of preservation
 H - the +0 pair of gloves "Cevet" (worn) {Will++ Stlth-}
   (You found it on level 4 of the Spider Nest)

   Will:      It greatly increases your willpower.
   Stlth:     It makes you less stealthy.
 T - the +15 Maxwell's patent armour {-Cast -Tele rElec Will+ rCorr}
   (You found it in a wizard's laboratory)

   rElec:     It insulates you from electricity.
   -Cast:     It prevents spellcasting.
   -Tele:     It prevents most forms of teleportation.
   rCorr:     It protects you from acid and corrosion.
   Will:      It increases your willpower.
 U - a +12 crystal plate armour of cold resistance (worn)
Jewellery
 p - an amulet of reflection (around neck)
 C - the ring of Wariness (right hand) {rPois rC++ EV+5 Int+2}
   (You bought it in a shop on level 2 of the Shoals)

   [ring of evasion]

   EV:        It affects your evasion (+5).
   Int:       It affects your intelligence (+2).
   rC:        It greatly protects you from cold.
   rPois:     It protects you from poison.
 F - a ring of protection from fire
 P - a ring of flight
 R - the amulet of the Sybil {Faith Dex+5}
   (You took it off a ragged hierophant in the Desolation of Salt)

   [amulet of faith]

   It allows you to gain divine favour quickly.
   Dex:       It affects your dexterity (+5).
 W - a ring of poison resistance
 X - the ring of Conversion {rF+ Will+}
   (You acquired it on level 5 of the Lair of Beasts)

   [ring of willpower]

   rF:        It protects you from fire.
   Will:      It increases your willpower.
 Z - a ring of see invisible (left hand)
Wands
 t - a wand of acid (13)
 v - a wand of flame (89)
 A - a wand of digging (16)
 B - a wand of charming (38)
 J - a wand of iceblast (49)
 Y - a wand of polymorph (12)
Scrolls
 c - 5 scrolls of blinking
 d - 7 scrolls of silence
 e - 5 scrolls of butterflies
 i - 11 scrolls of vulnerability
 k - 32 scrolls of teleportation
 l - 10 scrolls of fear
 q - 2 scrolls of brand weapon
 s - 12 scrolls of fog
 z - a scroll of magic mapping
 I - 8 scrolls of enchant weapon
 K - 18 scrolls of poison
 O - 7 scrolls of immolation
 S - a scroll of torment
Potions
 a - 15 potions of attraction
 b - 5 potions of resistance
 f - a potion of berserk rage
 h - 4 potions of invisibility
 j - 17 potions of heal wounds (quivered)
 n - 4 potions of lignification
 o - 5 potions of haste
 r - 27 potions of curing
 u - 12 potions of flight
 L - 7 potions of might
 M - 3 potions of magic
 N - a potion of mutation
 Q - 10 potions of ambrosia
 V - 5 potions of cancellation


   Skills:
 O Level 27 Fighting
 O Level 27 Axes
 O Level 27 Armour
 O Level 27 Dodging
 + Level 16.2 Stealth


You had 25 spell levels left.
You didn't know any spells.
Your spell library was empty.

Dungeon Overview and Level Annotations

Branches:
Dungeon (15/15)            Temple (1/1) D:6            Lair (5/5) D:8
 Shoals (4/4) Lair:3       Spider (4/4) Lair:3        Slime (0/5) Lair:5
    Orc (2/2) D:12            Elf (3/3) Orc:2        Vaults (5/5) D:14
  Crypt (3/3) Vaults:2       Tomb (0/3) Crypt:3      Depths (4/4) D:15
    Zot (5/5) Depths:4     Bailey (visited)           IceCv (visited)
 WizLab (visited)         Desolation (visited)

Altars:
Ashenzari
Cheibriados
Dithmenos
Elyvilon
Fedhas
Gozag
Hepliaklqana
Kikubaaqudgha
Makhleb
Nemelex Xobeh
Okawaru
Qazlal
Ru
Sif Muna
Trog
Uskayaw
Vehumet
Wu Jian
Xom
Yredelemnul
Zin
The Shining One

Shops:
D:11 *   Orc:2 *(!*   Elf:3 (   Shoals:1 (   Shoals:2 =   Vaults:2 ?
Vaults:3 [!=([   Vaults:4 [   Vaults:5 (   Depths:2 ?

Portals:
Hell: Depths:1 Depths:2 Depths:3 Depths:4
Abyss: Depths:1 Depths:3 Depths:4
Pandemonium: Depths:2
Ziggurat: Depths:1
Trove: Elf:3 (show slimy rune of Zot)

Annotations:
Elf:2 3 runed translucent doors


Innate Abilities, Weirdness & Mutations

You have a pair of horns on your head.
You reflexively headbutt those who attack you in melee.
Your natural rate of healing is unusually fast.
You are resistant to electric shocks. (rElec)
You are weak. (Str -2)
Potions are less effective at restoring your health.


Message History

You chop the tentacled monstrosity into pieces!!!
You burn the tentacled monstrosity! You slash the green draconian!
You burn the green draconian.
You barely miss the green draconian monk.
You feel very sick.
The electric golem blinks!
The ancient lich touches you but does no damage.
The yellow draconian annihilator gestures wildly while chanting.
The yellow draconian annihilator blinks!
The green draconian monk misses you. You furiously retaliate!
You headbutt the green draconian monk, but do no damage.
The green draconian monk kicks you but does no damage.
The green draconian monk tail-slaps you but does no damage.
The green draconian monk tail-slaps you.
* * * LOW HITPOINT WARNING * * *
You are more poisoned.
The green draconian monk poisons you!
The green draconian hits your iron troll with a +0 mace!
The green draconian tail-slaps your iron troll.
You block the tentacled monstrosity's attack.
The tentacled monstrosity tentacle-slaps you but does no damage. x2
The tentacled monstrosity constricts you.
The white draconian hits you from afar with a +0 trident!
* * * LOW HITPOINT WARNING * * *
The Killer Klown blinks! x2
Your iron troll barely misses the ancient lich.
Your iron troll claws the ancient lich!!
Your iron troll claws the ancient lich!
A Killer Klown comes into view. It is wielding a +9 club.
You hit the ancient lich. You burn the ancient lich.
You headbutt the ancient lich, but do no damage.
The ancient lich is almost destroyed.
You miss the green draconian monk. You slash the tentacled monstrosity!
You burn the tentacled monstrosity. You slash the green draconian!
You burn the green draconian.
You feel extremely sick.
The electric golem blinks! x2
The ancient lich points at you and mumbles some strange words.
The crystal spear hits you!!!
You die...

,,,,,,...^.^^..### ###.
,,****▓▓▓▓▓▓▓▓▓# #▓
,,,,,,,,,..▓▓▓* ▓
,,,,,,,,,p.§..▓#* ##▓
,,,,,,,,○.......## ##..
,,,,,,,,,§.......# ▓▓▓▓▓▓▓▓▓ #...
,,,,,,,,,.°q...D.▓▓▓.......▓▓▓...
,,,,,,,,,.[○..dXq▓▓.........▓▓...
,,,,,,,,,..p○zqd@▓.....^.....▓...
,,,,,,,,,......)TL.....0^..^.....
,,,,,,,,,..^^...p▓.^..^......▓...
,,,,,,,,,..9.....▓▓.........▓▓...
,,,,,,,,,........▓▓▓.......▓▓▓...
,,,,,,,,,........▓ ▓▓▓▓▓▓▓▓▓ ▓...
,,,,,,,,,.......▓▓ ▓▓..
,,,,,,,,,...^.▓▓* ▓▓▓
,,,,,,,,,,.▓▓▓* ▓


You could see 3 Killer Klowns, an electric golem, a tentacled monstrosity, 2
draconians, an ancient lich (ally target), a green draconian, a white draconian,
a curse toe, a quicksilver dragon, a yellow draconian annihilator and a friendly
iron troll (summoned, berserk, misshapen).

Vanquished Creatures
  Tiamat (Zot:1)
  A dread lich (Zot:5)
  The ghost of jt the Immaculate, a legendary OgRe of Zin (Zot:3)
  4 ancient liches
  2 orbs of fire (Zot:5)
  A juggernaut (Depths:3)
  The ghost of Anon1729 the Invulnerable, a veteran MiMo of Gozag (Zot:3)
  Bai Suzhen (Crypt:1)
  3 caustic shrikes (Depths:4)
  3 Killer Klowns (Zot:5)
  Saint Roka (Vaults:3)
  7 golden dragons
  4 bone dragons
  An electric golem (WizLab)
  A walking crystal tome (Depths:4)
  Zenata (Elf:1)
  2 shard shrike skeletons (Crypt:3)
  9 tentacled monstrosities
  8 liches
  Rupert (Orc:2)
  21 Orb Guardians (Zot:5)
  Asterion (Vaults:1)
  4 deep elf blademasters
  2 deep elf master archers (Elf:3)
  2 titans (Vaults:5)
  8 quicksilver dragons
  Frances (D:12)
  8 death cobs
  5 ancient champions
  4 sphinxes
  Polyphemus (Shoals:4)
  Donald (Vaults:3)
  The ghost of gruber the Unseen, an adept VSBr of Uskayaw (Depths:1)
  12 tengu reavers
  Kirke (Spider:3)
  8 fire giants
  7 shadow dragons
  5 draconian monks
  4 storm dragons
  12 vault wardens
  7 deep elf sorcerers (Elf:3)
  An iron dragon (Vaults:5)
  8 draconian knights
  7 frost giants
  11 draconian scorchers
  7 draconian shifters
  2 curse skulls (Crypt:1)
  4 emperor scorpions
  2 imperial myrmidons (Desolation)
  5 deep elf elementalists (Elf:3)
  An angel (WizLab)
  A draconian stormcaller (Zot:2)
  4 ghouls (Crypt:2)
  2 reapers
  5 draconian annihilators
  5 orc warlords
  3 war gargoyles
  7 ghost moths
  15 stone giants
  A quicksilver ooze (shapeshifter) (Vaults:5)
  A broodmother (Spider:3)
  A caustic shrike skeleton (Crypt:3)
  16 very ugly things
  A juggernaut skeleton (Crypt:3)
  14 ironbound thunderhulks
  The ghost of Glaciallarry the Cleaver, a journeyman HOFi of Okawaru (Lair:3)
  16 ironbound preservers
  12 green draconians
  8 black draconians
  3 halazid warlocks (Desolation)
  7 deep elf demonologists
  13 purple draconians
  3 vampire knights
  12 red draconians
  A minotaur (Lair:1)
  8 yellow draconians
  18 dire elephants
  10 white draconians
  2 spark wasps (shapeshifter) (Vaults:5)
  4 deep elf annihilators (Elf:3)
  16 spark wasps
  A bunyip (shapeshifter) (Elf:3)
  5 merfolk javelineers (Shoals:4)
  4 ettins
  2 blizzard demons
  5 jiangshi
  A green death (Depths:1)
  Josephine (Shoals:1)
  13 deep elf death magi
  6 ragged hierophants (Desolation)
  7 entropy weavers
  6 deep elf high priests
  5 crystal guardians
  6 merfolk impalers
  7 eidola
  12 yaktaur captains
  Fannar (Lair:2)
  4 fire dragons
  A spriggan zombie (Crypt:1)
  9 great orbs of eyes
  6 ice dragons
  Erolcha (D:12)
  2 jorogumos
  5 rakshasas
  3 spriggan skeletons (Crypt:3)
  3 hydras
  A salamander tyrant (WizLab)
  19 peacekeepers
  A hell beast (Depths:1)
  36 vault guards
  7 servants of whispers (Desolation)
  3 spriggan air magi
  3 satyrs
  2 ogre magi (Vaults:5)
  Erica (D:8)
  2 merfolk aquamancers
  6 boulder beetles
  4 merfolk avatars
  2 alligator snapping turtles
  3 catoblepae
  7 death scarabs
  11 ironbound frosthearts
  2 radroaches
  A death knight (Crypt:1)
  6 centaur warriors
  14 dancing weapons
  9 deep troll shamans
  5 two-headed ogres
  3 death yaks (Shoals:4)
  5 vampire magi
  2 alligators (D:13)
  A spectral emperor scorpion (Spider:4)
  3 spriggan berserkers (Depths:4)
  5 tengu warriors
  8 deep troll earth magi
  4 hell knights (Depths:2)
  5 soul eaters
  7 orc high priests
  2 spriggans (Depths:4)
  13 deep elf knights
  A sun demon (Depths:1)
  A fire crab (shapeshifter) (D:15)
  Amaemon (Lair:3)
  47 skeletal warriors
  2 glowing orange brains
  7 iron trolls
  A flayed ghost (Crypt:1)
  An iron giant zombie (Crypt:3)
  7 pharaoh ants
  15 sea snakes
  10 orb spiders
  8 lindwurms
  A swamp dragon (Lair:5)
  5 steelbarb worms
  13 wizards
  53 deep trolls
  A harpy (shapeshifter) (Elf:1)
  9 deep elf archers
  12 harpies
  6 bog bodies (Crypt:2)
  5 necromancers
  11 phantasmal warriors
  16 ironbound convokers
  A golden dragon skeleton (Crypt:3)
  31 orc knights
  A wolf spider zombie (Spider:4)
  19 deep elf zephyrmancers
  20 deep elf pyromancers
  4 orc sorcerers
  A broodmother zombie (Spider:4)
  9 cyclopes
  A stone giant zombie (Crypt:1)
  A mana viper (shapeshifter) (Vaults:5)
  35 ugly things
  8 wolf spiders
  4 salamanders
  23 fauns
  9 elephants (Lair:5)
  20 moths of wrath
  An elephant (shapeshifter) (Vaults:5)
  16 manticores
  5 guardian serpents (Desolation)
  4 water nymphs
  8 merfolk sirens
  A naga mage (Vaults:4)
  2 rust devils
  2 dire elephant zombies (Crypt:1)
  16 vault sentinels
  3 centaur skeletons
  8 cane toads
  2 ice statues (IceCv)
  11 demonic crawlers
  A water nymph (shapeshifter) (Vaults:5)
  2 molten gargoyles
  A stone giant skeleton (Crypt:3)
  6 black mambas
  2 torpor snails
  11 gargoyles
  An orange demon (Lair:3)
  2 smoke demons
  2 elephant slug zombies (Crypt:2)
  3 kobold demonologists
  3 dire elephant skeletons
  A swamp worm zombie (Crypt:2)
  2 unseen horrors
  3 spectral redbacks (Spider:4)
  An efreet (D:15)
  38 yaktaurs
  8 rime drakes
  2 anaconda simulacra (IceCv)
  A sea snake zombie (Crypt:1)
  A hydra zombie (Crypt:1)
  A catoblepas skeleton (Crypt:3)
  9 komodo dragons
  3 redback zombies (Spider:4)
  5 tengu conjurers
  7 ice devils
  A queen bee (shapeshifter) (D:13)
  7 freezing wraiths
  A troll (shapeshifter) (Vaults:5)
  A red devil (Depths:2)
  5 wind drakes
  6 meliai
  11 polar bears
  19 merfolk
  A hellwing (Depths:1)
  A tarantella (shapeshifter) (Elf:3)
  A spectral jumping spider (Spider:4)
  23 tarantellas
  2 spectral tarantellas (Spider:4)
  4 trolls
  Prince Ribbit (D:6)
  4 hornets
  2 raiju (Lair:5)
  A tarantella zombie (Spider:4)
  An alligator zombie (Crypt:2)
  Grinder (D:5)
  8 blink frogs
  A culicivora zombie (Spider:4)
  7 dream sheep (Lair:5)
  3 harpy skeletons (Crypt:3)
  65 saltlings (Desolation)
  2 spectral culicivoras (Spider:4)
  A radroach zombie (Crypt:2)
  A raiju (shapeshifter) (Depths:2)
  13 snapping turtles
  A draconian simulacrum (Crypt:1)
  Sigmund (D:3)
  3 jumping spider zombies (Spider:4)
  32 jumping spiders
  11 flying skulls
  23 slime creatures
  An air elemental (Elf:3)
  A centaur simulacrum (Crypt:1)
  25 culicivoras
  2 elf skeletons
  2 shadows (D:9)
  An ettin skeleton (Crypt:3)
  12 water elementals
  An ice dragon skeleton (Crypt:3)
  A ynoxinul (Depths:1)
  48 yaks
  Grum (D:8)
  9 basilisks
  10 fire elementals
  13 wraiths
  A wyvern (Lair:4)
  4 steam dragons
  A hog (Spider:3)
  3 dire elephant simulacra (IceCv)
  A catoblepas simulacrum (Lair:3)
  46 redbacks
  7 vampire mosquitoes
  10 wargs
  A merfolk zombie (Crypt:2)
  2 harpy simulacra (IceCv)
  A faun zombie (Crypt:3)
  A naga skeleton (Crypt:3)
  12 water moccasins
  3 hydra simulacra (IceCv)
  A glowing shapeshifter skeleton (Vaults:3)
  2 acid dragons (Lair:5)
  15 hell hounds (Lair:5)
  A two-headed ogre skeleton (Crypt:1)
  2 swamp drakes (Lair:5)
  A floating eye (shapeshifter) (Depths:2)
  57 orc warriors
  14 black bears
  2 ice beasts
  A sky beast (D:7)
  12 ogres
  2 black mamba simulacra (Lair:3)
  26 wolves
  10 boggarts
  15 centaurs
  A dream sheep skeleton (Crypt:3)
  A lindwurm skeleton (Crypt:2)
  19 kobold brigands
  2 phantoms (D:6)
  5 earth elementals
  6 necrophages
  6 bullfrogs
  8 scorpions
  A glowing shapeshifter simulacrum (Vaults:3)
  A two-headed ogre simulacrum (IceCv)
  A demonspawn simulacrum (Crypt:1)
  2 gnoll sergeants
  A wyvern skeleton (Crypt:1)
  8 wights
  An elephant simulacrum (Lair:3)
  A water moccasin skeleton (Crypt:3)
  A lindwurm simulacrum (Lair:3)
  14 killer bees
  An orc simulacrum (Vaults:1)
  3 electric eels (Spider:2)
  A rime drake simulacrum (Lair:3)
  A howler monkey (D:7)
  4 hounds
  10 jellies
  A gnoll bouda (D:8)
  20 orc priests
  14 iguanas
  Ijyb (D:5)
  2 lightning spires (WizLab)
  21 orc wizards
  A polar bear simulacrum (IceCv)
  A troll simulacrum (IceCv)
  A spriggan simulacrum (IceCv)
  A howler monkey skeleton (Crypt:3)
  8 adders
  29 gnolls
  A naga simulacrum (IceCv)
  4 white imps
  A worm zombie (Crypt:3)
  An adder skeleton (Crypt:1)
  2 worms
  4 dart slugs
  92 orcs
  12 ball pythons
  6 bats
  14 endoplasms
  12 giant cockroaches
  12 goblins
  18 hobgoblins
  3 jackals (D:4)
  6 quokkas
  A ball python zombie (Crypt:1)
  10 frilled lizards
  A giant cockroach zombie (Crypt:3)
  A jackal skeleton (Crypt:2)
  A jackal zombie (Crypt:2)
  31 kobolds
  15 rats
  A bush (Shoals:3)
2454 creatures vanquished.

Vanquished Creatures (collateral kills)
  The ghost of Vadaph the Wrestler, a master TrAr of Okawaru (Zot:3)
  The ghost of Vadaph the Wrestler, a master TrAr of Okawaru (Zot:3)
  An Orb Guardian (Zot:5)
  A storm dragon (Zot:2)
  A ghoul (Crypt:2)
  A draconian shifter (Zot:5)
  A reaper (Depths:1)
  A vampire knight (Crypt:2)
  A purple draconian (Zot:5)
  A blizzard demon (Depths:1)
  A deep elf death mage (Elf:3)
  2 deep elf high priests
  A vault guard (D:14)
  A centaur warrior (D:13)
  3 two-headed ogres
  2 merfolk aquamancers (Shoals:4)
  A death scarab (Spider:4)
  A flayed ghost (Crypt:2)
  An orb spider (Spider:3)
  An obsidian statue (Depths:1)
  2 deep elf pyromancers
  An orc sorcerer (Orc:2)
  A wind drake (shapeshifter) (Vaults:5)
  3 jumping spiders (Spider:3)
  A flying skull (Crypt:2)
  A glowing shapeshifter skeleton (Crypt:2)
  A boggart (D:15)
  A necrophage (Crypt:2)
35 creatures vanquished.

Vanquished Creatures (others)
  A sixfirhy (Depths:1)
  A culicivora (Spider:4)
  2 humans (Spider:3)
  A neqoxec (Depths:1)
  A bush (Lair:5)
  27 fungi
  133 plants
  2 withered plants (Zot:3)
168 creatures vanquished.

Grand Total: 2657 creatures vanquished

Notes
Turn   | Place    | Note
-------+----------+-------------------------------------------
     0 | D:1      | KingMieszko3 the Minotaur Berserker began the quest for the
                  | Orb.
     0 | D:1      | Reached XP level 1. HP: 19/19 MP: 0/0
   239 | D:1      | Reached XP level 2. HP: 27/27 MP: 1/1
   578 | D:1      | Reached ** piety under Trog
   757 | D:2      | Reached XP level 3. HP: 33/33 MP: 2/2
   910 | D:2      | Found a shadowy altar of Dithmenos.
  1107 | D:2      | Reached XP level 4. HP: 35/40 MP: 3/3
  1394 | D:3      | Reached *** piety under Trog
  1447 | D:3      | Noticed Sigmund
  1454 | D:3      | Killed Sigmund
  1455 | D:3      | Reached skill level 5 in Axes
  1455 | D:3      | Reached XP level 5. HP: 47/47 MP: 4/4
  1528 | D:3      | Reached XP level 6. HP: 54/55 MP: 5/5
  1901 | D:3      | Found an ancient bone altar of Kikubaaqudgha.
  1906 | D:3      | Found a glowing golden altar of the Shining One.
  2013 | D:3      | Reached skill level 5 in Fighting
  2694 | D:4      | You fall into a shaft and drop 1 floor!
  2694 | D:5      | Entered Level 5 of the Dungeon
  2871 | D:5      | Noticed a troll
  2883 | D:5      | Killed a troll
  2884 | D:5      | Reached skill level 5 in Armour
  2884 | D:5      | Reached XP level 7. HP: 40/61 MP: 6/6
  2996 | D:5      | Noticed Grinder
  2997 | D:5      | Paralysed by Grinder for 4 turns
  3015 | D:5      | Killed Grinder
  3018 | D:5      | Reached skill level 5 in Dodging
  3018 | D:5      | Reached XP level 8. HP: 31/70 MP: 7/7
  3382 | D:5      | Noticed Ijyb
  3394 | D:5      | Killed Ijyb
  3684 | D:4      | Reached **** piety under Trog
  3757 | D:4      | Found a sparkling altar of Nemelex Xobeh.
  4613 | D:6      | Reached XP level 9. HP: 74/79 MP: 8/8
  4823 | D:6      | Noticed Prince Ribbit
  4838 | D:6      | Reached skill level 10 in Axes
  4850 | D:6      | Killed Prince Ribbit
  4998 | D:6      | Found a glowing silver altar of Zin.
  5158 | D:6      | Found a radiant altar of Vehumet.
  5158 | D:6      | Found an ornate altar of the Wu Jian Council.
  5261 | D:6      | Found a staircase to the Ecumenical Temple.
  5411 | Temple   | Entered the Ecumenical Temple
  5750 | D:7      | Found a burning altar of Makhleb.
  5942 | D:7      | Identified the +1 spear "Olymosom" {heavy, *Slow rF++
                  | Int+3}
  6440 | D:8      | Found a flagged portal.
  6458 | Bailey   | Entered a bailey
  6584 | Bailey   | Reached XP level 10. HP: 89/90 MP: 9/9
  6699 | Bailey   | Reached ***** piety under Trog
  6867 | Bailey   | Noticed an orc warlord
  6884 | Bailey   | Killed an orc warlord
  7112 | D:8      | Noticed Grum
  7113 | D:8      | Found a staircase to the Lair.
  7123 | D:8      | Killed Grum
  7650 | D:8      | Noticed Erica
  7660 | D:8      | Killed Erica
  8114 | D:8      | Found a white marble altar of Elyvilon.
  8323 | D:8      | Acquired the +6 executioner's axe "Esiaju Caxi" {flame,
                  | Will+}
  8432 | D:9      | Reached XP level 11. HP: 88/99 MP: 10/10
  8806 | D:9      | Reached skill level 10 in Fighting
  9163 | D:10     | Entered Level 10 of the Dungeon
  9458 | D:10     | Reached skill level 10 in Armour
 10045 | D:10     | Found a bloodstained altar of Trog.
 10141 | D:10     | Received a gift from Trog
 10594 | D:11     | Found Laujam's Demolitions Depot.
 10625 | D:11     | Found a shimmering blue altar of Sif Muna.
 10747 | D:11     | Reached skill level 15 in Axes
 10839 | D:11     | Reached skill level 10 in Dodging
 11275 | Lair:1   | Entered Level 1 of the Lair of Beasts
 11279 | Lair:1   | Reached XP level 12. HP: 96/110 MP: 11/11
 11813 | Lair:1   | Received a gift from Trog
 11970 | Lair:1   | Found a runed translucent door.
 12148 | Lair:1   | Noticed a boulder beetle
 12155 | Lair:1   | Killed a boulder beetle
 12604 | Lair:1   | Noticed a minotaur
 12608 | Lair:1   | Killed a minotaur
 12655 | Lair:1   | Identified the +6 morningstar of Capital Punishment
                  | {freeze, rC+ Str+3}
 12878 | Lair:2   | Identified the +2 rapier of the Magi {heavy, Str+3}
 13068 | Lair:2   | Noticed a catoblepas
 13074 | Lair:2   | Killed a catoblepas
 13153 | Lair:2   | Noticed Fannar
 13164 | Lair:2   | Killed Fannar
 13780 | Lair:3   | Found a runed translucent gate.
 13781 | Lair:3   | Found a runed translucent gate.
 13782 | Lair:3   | Found a runed translucent gate.
 13815 | Lair:3   | Noticed Glaciallarry's ghost (journeyman HOFi)
 13823 | Lair:3   | Killed Glaciallarry's ghost
 13836 | Lair:3   | Got the ring of Loith {Fire rN+ Int-2 Stlth+}
 13841 | Lair:3   | Identified the +2 pair of gloves "Lutel" {Harm Str+3 Int+5
                  | Stlth-}
 13867 | Lair:3   | Found a gate leading to a gauntlet.
 13872 | Lair:3   | Found a frozen archway.
 13921 | IceCv    | Entered an ice cave
 13999 | IceCv    | Reached XP level 13. HP: 27/119 MP: 12/12
 15021 | IceCv    | Noticed a reaper
 15028 | IceCv    | Killed a reaper
 15315 | Lair:3   | Noticed Amaemon
 15328 | Lair:3   | Killed Amaemon
 15648 | Lair:3   | Found a staircase to the Shoals.
 15848 | Lair:3   | Found a hole to the Spider Nest.
 16423 | Lair:4   | You are sucked into a shaft and drop 1 floor!
 16423 | Lair:5   | Entered Level 5 of the Lair of Beasts
 16432 | Lair:5   | Noticed a fire dragon
 16443 | Lair:5   | Killed a fire dragon
 17834 | Lair:5   | Reached XP level 14. HP: 120/130 MP: 13/13
 17861 | Lair:5   | Found a staircase to the Slime Pits.
 18141 | Lair:5   | Received a gift from Trog
 18754 | Lair:5   | Acquired the ring of Conversion {rF+ Will+}
 18914 | D:12     | Noticed Frances
 18933 | D:12     | Killed Frances
 19253 | D:12     | Identified the +0 pair of boots "Hehe" {rC+ Slay+3}
 19256 | D:12     | Noticed Erolcha
 19266 | D:12     | Killed Erolcha
 19674 | D:12     | Found a staircase to the Orcish Mines.
 19863 | Orc:1    | Entered Level 1 of the Orcish Mines
 20306 | Orc:2    | Entered Level 2 of the Orcish Mines
 20499 | Orc:2    | Found a staircase to the Elven Halls.
 20508 | Orc:2    | Noticed an orc warlord
 20516 | Orc:2    | Identified the +2 executioner's axe "Jinik" {antimagic, Fly
                  | rPois rN++} (Trog gifted it to you on level 2 of the Orcish
                  | Mines)
 20516 | Orc:2    | Received a gift from Trog
 20527 | Orc:2    | Killed an orc warlord
 20766 | Orc:2    | Noticed Rupert
 20773 | Orc:2    | Killed Rupert
 21502 | Orc:2    | Found Soupix's General Store.
 21507 | Orc:2    | Found Azyluh's Antique Weapon Shop.
 21527 | Orc:2    | Found Mipyneu's Assorted Antiques.
 21529 | Orc:2    | Found Yklilon's Distillery.
 21573 | Orc:2    | Bought a scroll of blinking for 127 gold pieces
 21587 | Orc:2    | Bought a potion of curing for 45 gold pieces
 21587 | Orc:2    | Bought a potion of heal wounds for 75 gold pieces
 22086 | Orc:2    | Reached XP level 15. HP: 137/139 MP: 14/14
 22169 | Orc:1    | Acquired a manual of Axes
 22570 | D:13     | Reached skill level 15 in Fighting
 23523 | D:13     | Reached skill level 15 in Armour
 24323 | D:14     | Found a gate to the Vaults.
 24651 | D:14     | Found a snail-covered altar of Cheibriados.
 25265 | D:15     | Entered Level 15 of the Dungeon
 25393 | D:15     | Received a gift from Trog
 25548 | D:15     | Found a staircase to the Depths.
 26318 | Shoals:1 | Entered Level 1 of the Shoals
 27069 | Shoals:1 | Found Viwos's Antique Weapon Emporium.
 27072 | Shoals:1 | Noticed Josephine
 27082 | Shoals:1 | Killed Josephine
 27486 | Shoals:2 | Reached XP level 16. HP: 148/151 MP: 15/15
 27510 | Shoals:2 | Found Dumayg's Jewellery Shoppe.
 27874 | Shoals:2 | Bought an amulet of reflection for 570 gold pieces
 30027 | Shoals:4 | Entered Level 4 of the Shoals
 30038 | Shoals:4 | Reached skill level 15 in Dodging
 30264 | Shoals:4 | Identified the amulet "Asmo" {RegenMP rPois rF- Dex+6}
 30904 | Shoals:4 | Noticed Polyphemus
 30916 | Shoals:4 | Killed Polyphemus
 31216 | Shoals:4 | Received a gift from Trog
 32243 | Shoals:4 | Reached XP level 17. HP: 125/162 MP: 16/16
 32589 | Shoals:4 | Identified the +2 robe of Honesty {+Inv rC+ Int+3 Slay-6}
 32678 | Shoals:4 | Got a barnacled rune of Zot
 32971 | Shoals:2 | Bought a ring of poison resistance for 380 gold pieces
 32971 | Shoals:2 | Bought a ring of see invisible for 285 gold pieces
 33081 | Spider:1 | Entered Level 1 of the Spider Nest
 33453 | Spider:1 | Received a gift from Trog
 33611 | Spider:1 | Identified the +1 quarterstaff of the Grave {protect, Str+8
                  | Int+3 SInv Stlth+}
 35644 | Spider:3 | Identified the +2 battleaxe of the Rat {heavy, rF+ Stlth+}
                  | (Trog gifted it to you on level 3 of the Spider Nest)
 35644 | Spider:3 | Received a gift from Trog
 35925 | Spider:3 | Noticed Kirke
 35934 | Spider:3 | Killed Kirke
 37298 | Spider:4 | Entered Level 4 of the Spider Nest
 37406 | Spider:4 | Identified the +6 falchion of the Lost Stars {speed, *Noise
                  | rF+ Dex+3}
 37611 | Spider:4 | Identified the +0 robe of Snakes and Ladders {-Cast Harm
                  | SInv}
 37672 | Spider:4 | Received a gift from Trog
 37797 | Spider:4 | Reached XP level 18. HP: 138/176 MP: 17/17
 38443 | Spider:4 | Identified the +0 pair of gloves "Cevet" {Will++ Stlth-}
 38458 | Spider:4 | Got a gossamer rune of Zot
 38955 | Elf:1    | Entered Level 1 of the Elven Halls
 38955 | Elf:1    | Noticed Zenata
 39210 | Elf:1    | Killed Zenata
 39310 | Elf:1    | Received a gift from Trog
 40360 | Elf:1    | Found the +12 pair of quick blades "Gyre" and "Gimble"
                  | {protect}
 41177 | Elf:2    | Received a gift from Trog
 41368 | Elf:2    | Found a runed translucent gate.
 41368 | Elf:2    | Found a runed translucent gate.
 41368 | Elf:2    | Found a runed translucent gate.
 41421 | Elf:2    | Reached XP level 19. HP: 184/187 MP: 18/18
 41752 | Elf:3    | Entered Level 3 of the Elven Halls
 41813 | Elf:3    | Paralysed by an air elemental for 1 turns
 41879 | Elf:3    | Found a portal to a secret trove of treasure.
 42165 | Elf:3    | Found Lotisyface's Weapon Shop.
 42841 | Elf:3    | Identified the +0 scimitar of the Solemn God {drain, rCorr
                  | Int+3}
 42841 | Elf:3    | Identified the amulet of Modesty {Spirit rC+}
 42842 | Elf:3    | Identified the +5 falchion "Hellblazer" {protect, *Noise
                  | rElec rCorr Stlth+}
 42897 | Elf:3    | Identified the ring "Beahaogawk" {Ice Str+3 Dex+2}
 42976 | Elf:3    | Identified the +0 great mace of Durr {venom, rN+ Str+4
                  | Int+2}
 44009 | Elf:3    | Received a gift from Trog
 44403 | Elf:3    | Found the +8 longbow "Zephyr" {speed, Dex+3 SInv}
 44656 | Vaults:1 | Entered Level 1 of the Vaults
 44785 | Vaults:1 | Noticed Asterion
 44792 | Vaults:1 | Killed Asterion
 45382 | Vaults:1 | Reached XP level 20. HP: 153/200 MP: 19/19
 45870 | Vaults:1 | Identified the +1 plate armour of Purpose {Str+5}
 45981 | Vaults:1 | Reached ****** piety under Trog
 46597 | Vaults:1 | You fall into a shaft and drop 1 floor!
 46840 | Vaults:1 | Identified the +12 battleaxe of Moderation {heavy, Fly
                  | Will+ rCorr Dex-3} (Trog gifted it to you on level 1 of the
                  | Vaults)
 46840 | Vaults:1 | Received a gift from Trog
 47336 | Vaults:2 | Identified the -2 pair of gloves of Cynicism {rPois Int+4
                  | Slay+4}
 47905 | Vaults:2 | Found Okhliestru's Magic Scroll Shop.
 47994 | Vaults:2 | Bought a scroll of enchant armour for 142 gold pieces
 48386 | Vaults:2 | Found a staircase to the Crypt.
 48974 | Vaults:3 | Found Jeagry's Distillery.
 49007 | Vaults:3 | Received a gift from Trog
 49131 | Vaults:3 | Noticed Donald
 49136 | Vaults:3 | Killed Donald
 49360 | Vaults:3 | Found Udghiecsi's Jewellery Shop.
 49591 | Vaults:3 | Found Suimeo's Weapon Boutique.
 49813 | Vaults:3 | Noticed Saint Roka
 49836 | Vaults:3 | Killed Saint Roka
 50066 | Vaults:3 | Found Ukieruli's Antique Armour Boutique.
 50348 | Vaults:3 | Received a gift from Trog
 50426 | Vaults:3 | Found Qemosut's Armour Shoppe.
 50468 | Vaults:4 | Found Mynulexa's Antique Armour Emporium.
 50534 | Vaults:4 | Reached XP level 21. HP: 136/212 MP: 20/20
 50545 | Vaults:4 | Found a crumbling gateway.
 50679 | Desolati | Entered the Desolation of Salt
 50805 | Desolati | Identified the amulet of the Sybil {Faith Dex+5}
 50968 | Desolati | Received a gift from Trog
 51220 | Desolati | Identified the +2 shortbow "Akiseic" {drain, *Slow +Blink
                  | rPois rF++}
 51494 | Desolati | Identified the +3 flail of Decaying Innocence {freeze,
                  | Str+5}
 52166 | Vaults:4 | Found the -2 hat of the Alchemist {rElec rPois rF+ rC+ rN+
                  | Will+ rMut rCorr}
 52171 | Vaults:4 | Identified the +2 war axe "Goebe" {antimagic, rElec} (Trog
                  | gifted it to you on level 4 of the Vaults)
 52171 | Vaults:4 | Received a gift from Trog
 52188 | Vaults:4 | Found a radiant altar of Vehumet.
 52208 | Vaults:4 | Identified the +3 hat of Amorality {rC+ Dex+3}
 52244 | Vaults:4 | Identified the +2 robe of Yloana {rC++ Dex+2 Slay-3 Stlth+}
 52245 | Vaults:4 | Identified the +1 hat "Gitsoeri" {Int+3 Slay+3}
 52946 | Depths:1 | Entered Level 1 of the Depths
 52976 | Depths:1 | Found a one-way gateway to a ziggurat.
 53219 | Depths:1 | Received a gift from Trog
 53393 | Depths:1 | Found a large runed translucent door.
 53393 | Depths:1 | Found a large runed translucent door.
 53397 | Depths:1 | Noticed gruber's ghost (adept VSBr)
 53847 | Depths:1 | Found a one-way gate to the infinite horrors of the Abyss.
 54078 | Depths:1 | Reached XP level 22. HP: 204/224 MP: 21/21
 54097 | Depths:1 | Found a gateway to Hell.
 54523 | Depths:1 | Killed gruber's ghost
 55460 | Depths:2 | Received a gift from Trog
 55723 | Depths:2 | Found Pakyhit's Magic Scroll Emporium.
 55936 | Depths:2 | Found a one-way gate leading to the halls of Pandemonium.
 56869 | Depths:3 | Noticed a juggernaut
 56877 | Depths:3 | Killed a juggernaut
 57045 | Depths:3 | Found an ancient bone altar of Kikubaaqudgha.
 57054 | Depths:3 | Identified the +2 cloak of the Candlemaker {+Inv rF+ rC+
                  | Str-3}
 57059 | Depths:3 | Identified the +3 battleaxe of Zius {heavy, rF+} (Trog
                  | gifted it to you on level 3 of the Depths)
 57059 | Depths:3 | Received a gift from Trog
 57514 | Depths:3 | Acquired the +2 cloak "Jinoqiun" {rElec rF+++ Str-4 Slay-5}
 57529 | Depths:4 | Entered Level 4 of the Depths
 57735 | Depths:4 | Noticed a caustic shrike
 57742 | Depths:4 | Killed a caustic shrike
 57748 | Depths:4 | Noticed a caustic shrike
 57749 | Depths:4 | Noticed a caustic shrike
 57755 | Depths:4 | Killed a caustic shrike
 57759 | Depths:4 | Killed a caustic shrike
 58448 | Depths:4 | Reached XP level 23. HP: 224/227 MP: 22/22
 58462 | Depths:4 | Identified the +2 battleaxe "Zamuinwa" {heavy, rF- rN++
                  | Will+} (Trog gifted it to you on level 4 of the Depths)
 58462 | Depths:4 | Received a gift from Trog
 58749 | Depths:4 | Found a gate to the Realm of Zot.
 59418 | Crypt:1  | Entered Level 1 of the Crypt
 59669 | Crypt:1  | Found a magical portal.
 59674 | WizLab   | Entered Maxwell's Workshop
 59781 | WizLab   | Found the +15 Maxwell's patent armour {-Cast -Tele rElec
                  | Will+ rCorr}
 60192 | WizLab   | Identified the +7 dagger "Nuasodo" {venom, Stlth+}
 60386 | WizLab   | Identified the +1 dagger of Xump {heavy, *Corrode Dex+4
                  | Stlth+}
 60422 | WizLab   | Identified the +1 plate armour "Akiy" {Will- Regen+ Int+6
                  | Dex-4}
 60506 | WizLab   | Received a gift from Trog
 60773 | Crypt:1  | You fall into a shaft and drop 1 floor!
 61494 | Crypt:2  | Received a gift from Trog
 62143 | Crypt:1  | Noticed Bai Suzhen
 62150 | Crypt:1  | Killed Bai Suzhen
 62348 | Crypt:3  | Entered Level 3 of the Crypt
 62348 | Crypt:3  | Found a staircase to the Tomb.
 62448 | Crypt:3  | Reached skill level 27 in Fighting
 62551 | Crypt:3  | Reached skill level 27 in Armour
 62716 | Crypt:3  | Found an ancient bone altar of Kikubaaqudgha.
 62747 | Crypt:3  | Noticed an ancient lich
 62765 | Crypt:3  | Killed an ancient lich
 62926 | Crypt:3  | Identified the amulet of the Delicate God {rN+++ Regen+
                  | Str-5 Int+5}
 63022 | Crypt:3  | Received a gift from Trog
 63099 | Crypt:3  | Reached XP level 24. HP: 217/249 MP: 22/22
 64055 | Vaults:5 | Entered Level 5 of the Vaults
 64078 | Vaults:5 | Received a gift from Trog
 64233 | Vaults:5 | Reached skill level 27 in Dodging
 64619 | Vaults:5 | Noticed an ancient lich
 64627 | Vaults:5 | Killed an ancient lich
 64642 | Vaults:5 | Identified the +0 falchion of Ashenzari {spect, rElec Will+
                  | rCorr}
 64647 | Vaults:5 | Noticed an ancient lich
 64658 | Vaults:5 | Killed an ancient lich
 64882 | Vaults:5 | Identified the +10 dagger "Soudutem" {heavy, rF+}
 64882 | Vaults:5 | Identified the +0 plate armour of Grottiness {*Slow Regen+
                  | rCorr Slay+5}
 65023 | Vaults:5 | Received a gift from Trog
 65170 | Vaults:5 | Noticed an ancient lich
 65176 | Vaults:5 | Killed an ancient lich
 65414 | Vaults:5 | Found Vusmubef's Antique Weapon Shop.
 66087 | Vaults:5 | Identified the +0 leather armour of the Okapi {rC+}
 66091 | Vaults:5 | Got a silver rune of Zot
 66250 | Vaults:5 | Identified the +1 chain mail of Cihuulai {rPois}
 66377 | Vaults:5 | Found the +9 scales of the Dragon King {rPois rF+ rC+
                  | Will+}
 66416 | Vaults:5 | Identified the +1 leather armour of the Forest {rPois Str-5
                  | Slay+2}
 66424 | Vaults:5 | Identified the ring of Xoykoupp {rC++ Int+6}
 66456 | Vaults:5 | Reached skill level 27 in Axes
 66942 | Zot:1    | Entered Level 1 of the Realm of Zot
 66947 | Zot:1    | Reached skill level 1 in Stealth
 67013 | Zot:1    | Reached XP level 25. HP: 248/248 MP: 22/22
 67023 | Zot:1    | Received a gift from Trog
 67259 | Zot:1    | Identified the +4 shortbow of Zepp {flame, rPois Str+3
                  | SInv}
 67282 | Zot:1    | Reached skill level 5 in Stealth
 67617 | Zot:2    | Found the +4 dragonskin cloak
 67617 | Zot:2    | Noticed Tiamat
 67634 | Zot:1    | Killed Tiamat
 68255 | Zot:2    | Received a gift from Trog
 68631 | Zot:3    | Found a runed translucent gate.
 68837 | Zot:3    | Reached skill level 10 in Stealth
 69221 | Zot:3    | Found a runed translucent gate.
 69222 | Zot:3    | Found a runed translucent gate.
 69223 | Zot:3    | Noticed jt's ghost (legendary OgRe)
 69223 | Zot:3    | Noticed Vadaph's ghost (master TrAr)
 69223 | Zot:3    | Noticed Anon1729's ghost (veteran MiMo)
 69223 | Zot:3    | Noticed Vadaph's ghost (master TrAr)
 69835 | Zot:3    | Killed Vadaph's ghost
 69836 | Zot:3    | Killed jt's ghost
 69840 | Zot:3    | Killed Vadaph's ghost
 69842 | Zot:3    | Killed Anon1729's ghost
 69880 | Zot:3    | Identified the +2 pair of boots of Biunus {Rampage rCorr}
 69937 | Zot:4    | Received a gift from Trog
 71564 | Vaults:3 | Bought a potion of mutation for 120 gold pieces
 71564 | Vaults:3 | Bought a potion of mutation for 120 gold pieces
 71855 | D:6      | Gained mutation: You are agile. (Dex +4, Str/Int -1)
                  | [potion of mutation]
 71855 | D:6      | Gained mutation: You are somewhat resistant to further
                  | mutation. [potion of mutation]
 71856 | D:6      | Lost mutation: You are agile. (Dex +4, Str/Int -1) [potion
                  | of mutation]
 71856 | D:6      | Lost mutation: You are somewhat resistant to further
                  | mutation. [potion of mutation]
 71856 | D:6      | Gained mutation: Your body sometimes deteriorates upon
                  | taking damage. [potion of mutation]
 71856 | D:6      | Gained mutation: You expend magic power (3 MP) to
                  | strengthen your wands. [potion of mutation]
 71856 | D:6      | Gained mutation: You are robust. (+10% HP) [potion of
                  | mutation]
 71857 | D:6      | Lost mutation: You are robust. (+10% HP) [potion of
                  | mutation]
 71857 | D:6      | Lost mutation: You expend magic power (3 MP) to strengthen
                  | your wands. [potion of mutation]
 71857 | D:6      | Lost mutation: Your body sometimes deteriorates upon taking
                  | damage. [potion of mutation]
 71857 | D:6      | Gained mutation: You have large cloven feet. [potion of
                  | mutation]
 71857 | D:6      | Gained mutation: You are vulnerable to heat. (rF-) [potion
                  | of mutation]
 71858 | D:6      | Lost mutation: You are vulnerable to heat. (rF-) [potion of
                  | mutation]
 71858 | D:6      | Lost mutation: You have large cloven feet. [potion of
                  | mutation]
 71858 | D:6      | Gained mutation: You are weak. (Str -2) [potion of
                  | mutation]
 71858 | D:6      | Gained mutation: You have a pair of large horns on your
                  | head. [potion of mutation]
 71859 | D:6      | Lost mutation: You have a pair of large horns on your head.
                  | [potion of mutation]
 71859 | D:6      | Lost mutation: You are weak. (Str -2) [potion of mutation]
 71859 | D:6      | Gained mutation: You are agile. (Dex +4, Str/Int -1)
                  | [potion of mutation]
 71859 | D:6      | Gained mutation: You are dopey. (Int -2) [potion of
                  | mutation]
 71859 | D:6      | Gained mutation: You sometimes lose your temper in combat.
                  | [potion of mutation]
 71860 | D:6      | Lost mutation: You are dopey. (Int -2) [potion of mutation]
 71860 | D:6      | Lost mutation: You sometimes lose your temper in combat.
                  | [potion of mutation]
 71860 | D:6      | Gained mutation: You have sharp toenails. [potion of
                  | mutation]
 71860 | D:6      | Gained mutation: You are frail. (-10% HP) [potion of
                  | mutation]
 71860 | D:6      | Gained mutation: You are somewhat resistant to further
                  | mutation. [potion of mutation]
 71861 | D:6      | Lost mutation: You are somewhat resistant to further
                  | mutation. [potion of mutation]
 71861 | D:6      | Lost mutation: You are agile. (Dex +4, Str/Int -1) [potion
                  | of mutation]
 71861 | D:6      | Gained mutation: You have an increased reservoir of magic.
                  | (+10% MP) [potion of mutation]
 71861 | D:6      | Gained mutation: You are resistant to electric shocks.
                  | (rElec) [potion of mutation]
 71862 | D:6      | Lost mutation: You have sharp toenails. [potion of
                  | mutation]
 71862 | D:6      | Lost mutation: You are frail. (-10% HP) [potion of
                  | mutation]
 71862 | D:6      | Gained mutation: Potions are less effective at restoring
                  | your health. [potion of mutation]
 71862 | D:6      | Gained mutation: Your natural rate of healing is unusually
                  | fast. [potion of mutation]
 72052 | Shoals:2 | Bought the ring of Wariness {rPois rC++ EV+5 Int+2} for
                  | 1309 gold pieces
 72513 | Zot:5    | Entered Level 5 of the Realm of Zot
 72774 | Zot:5    | Noticed a Killer Klown
 72783 | Zot:5    | Killed a Killer Klown
 72784 | Zot:5    | Reached XP level 26. HP: 266/266 MP: 24/24
 72945 | Zot:5    | Noticed an orb of fire
 72948 | Zot:5    | Noticed a dread lich
 72957 | Zot:5    | Gained mutation: You are weak. (Str -2) [an orb of fire]
 72959 | Zot:5    | Lost mutation: You have an increased reservoir of magic.
                  | (+10% MP) [an orb of fire]
 72963 | Zot:5    | Killed a dread lich
 72965 | Zot:5    | Killed an orb of fire
 73232 | Zot:5    | Reached skill level 15 in Stealth
 73543 | Zot:5    | Noticed an orb of fire
 73553 | Zot:5    | Killed an orb of fire
 73563 | Zot:5    | Noticed an ancient lich
 73576 | Zot:5    | Killed from afar by an ancient lich

Illustrated notes

Levels and vault maps discovered:
D:1:      scummos_arrival_gate, layout_basic, minmay_rat_gold_closets
D:2:      minmay_wonky_spiral, layout_basic, basic_altar, st_stairs_11
D:3:      wad_river_or_something, layout_basic, mainiacjoe_overflow_big_doors,
          uniq_sigmund
D:4:      layout_loops_ring, nemelex_diamond_rough_becter
D:5:      layout_cave_pools, uniq_grinder, uniq_ijyb
D:6:      layout_basic, gammafunk_temple_overflow_forgotten,
          minmay_temple_entry_fiery, due_unseen_surprise, uniq_prince_ribbit1
D:7:      layout_loops_ring, mainiacjoe_overflow_cross_hatched
D:8:      layout_basic, elyvilon_altar_5, lair_entry_dummy, enter_bailey_5,
          kennysheep_generic_room_5, uniq_erica, uniq_grum
D:9:      layout_basic, hangedman_decor_push, kennysheep_boxes
D:10:     layout_rooms, lemuel_tele_altar, serial_aquarium,
          aquarium_bridge_long_separate [aquarium_subvault_bridge,
          aquarium_subvault_bridge, aquarium_subvault_wall,
          aquarium_subvault_wall, aquarium_subvault_bridge,
          aquarium_subvault_bridge], aquarium_bridge_square
          [aquarium_subvault_wall, aquarium_subvault_wall,
          aquarium_subvault_bridge, aquarium_subvault_bridge],
          aquarium_window_1, aquarium_window_corridor_1, aquarium_window_double,
          aquarium_view_2b, aquarium_pool_corner, special_room
          [special_room_kobold]
D:11:     layout_irregular_city, hangedman_decor_diamond_cutter,
          nicolae_blasting_shop, nicolae_sif_muna_condensation
D:12:     layout_rooms, orc_0_dummy, uniq_frances, uniq_erolcha
D:13:     layout_roguey, minmay_misc_feat_four_crosses,
          hangedman_parallel_progression
D:14:     layout_stronghold, erik_vaults_2, cheibriados_altar_1, serial_rivers,
          chequers_serial_rivers_room_a, chequers_serial_rivers_micro_b,
          chequers_serial_rivers_room_b, chequers_serial_rivers_small_3,
          chequers_serial_rivers_small_a, chequers_serial_rivers_small_a
D:15:     hangedman_depths_entry_try_elsewhere_first, layout_basic,
          serial_glass, glass_columns_b, glass_columns_c, feat_on_display,
          due_unseen_surprise, minmay_strange_pillars, item_on_display_a,
          lemuel_another_geyser
Temple:   nicolae_temple_figure_eight
Lair:1:   dreamdust_labyrinth, layout_regular_city, nzn_sisyphean_effort,
          grunt_megastairs_3
Lair:2:   layout_misc_corridors, uniq_fannar
Lair:3:   layout_gridlike, minmay_shoals_entry_lonely_mermaid,
          spider_nest_entry_web_field, portal_ice_cave_demonic_guard,
          gauntlet_entry_generic, gammafunk_ghost_icy,
          infiniplex_staircase_pool, uniq_amaemon
Lair:4:   layout_small_grid, beast_lair_carwin_2, grunt_megastairs_1
Lair:5:   guppyfry_lair_end_dragon, layout_regular_city,
          hangedman_lair_caniforms_friends, nicolae_slime_entry_slimehenge,
          st_stairs_8, serial_bayou_pond_d, serial_bayou_pond_c,
          chequers_serial_rivers_small_3, lemuel_fruit_tree
Shoals:1: layout_shoals, serial_shops, nicolae_shop_statue_plus, uniq_josephine
Shoals:2: layout_shoals, serial_shops, shop
Shoals:3: layout_shoals, nicolae_shoals_circle_sea_wall, yaktaur_hedge
Shoals:4: shoals_end_grunt_ice, layout_shoals, uniq_polyphemus
Spider:1: layout_spider_delve
Spider:2: layout_chambers, nicolae_spider_bzzzt
Spider:3: layout_chambers, uniq_kirke
Spider:4: floodkiller_spider_rune_tomb
Orc:1:    layout_caves
Orc:2:    st_orc_elflike, layout_caves, dreamdust_deal_with_the_devil,
          kennysheep_orc_chapel, uniq_rupert
Elf:1:    layout_gridlike, minmay_elf_crystal_heptagon, minmay_misc_feat_five,
          dk_noncrumbling_3, dreamdust_mushroom_princess, st_stairs_13,
          hellmonk_guarded_unrand_gyre_and_gimble, uniq_zenata
Elf:2:    nicolae_elf_blades_splatter_lattice
          [nicolae_blade_entry_hurt_lockers], layout_geoelf_diagonals,
          special_room [special_room_orc], eino_tiny_chamber, grunt_megastairs_2
Elf:3:    minmay_elf_hall_curves, layout_rooms, nicolae_trove_entry_columns,
          special_room [special_room_orc], serial_shops,
          nicolae_shop_behind_doors
Vaults:1: vaults_room_boxed, nicolae_vaults_network_s,
          nicolae_vaults_an_arrangement, hangedman_vaults_locks,
          nicolae_vaults_network_square, grunt_vaults_funnel,
          ontoclasm_vaults_spin, nicolae_vaults_little_squares_4, v_misc_17,
          nicolae_vaults_little_ls, serial_ice_h, grunt_vaults_diagonal,
          layout_vaults_big_cross, uniq_asterion
Vaults:2: v_misc_3, hangedman_vaults_impose, nicolae_vaults_little_squares_1,
          minmay_crypt_entry_simple_statues, ontoclasm_vaults_chip,
          ontoclasm_vaults_ring_small, dpeg_vaults_monster_box,
          layout_vaults_omnigrid, serial_shops, shop_scrolls
Vaults:3: nicolae_vaults_network_quinsquares
          [nicolae_vaults_network_quincunx_subvault,
          nicolae_vaults_network_quincunx_subvault,
          nicolae_vaults_network_quincunx_subvault,
          nicolae_vaults_network_quincunx_subvault],
          hangedman_vaults_variations, vaults_mumra_hex, v_misc_8, v_rooms_2,
          vaults_room_corners, v_misc_1, ontoclasm_vaults_hangar,
          ontoclasm_vaults_gateway, ontoclasm_vaults_gallery,
          vaults_dpeg_emergency_exit, nicolae_vaults_little_squares_1,
          layout_vaults_ring, serial_shops, nicolae_shop_hallway_plus,
          shop_fountains, nicolae_shop_trees, nicolae_shop_behind_doors,
          nicolae_square_shop, uniq_donald, uniq_saint_roka
Vaults:4: portal_desolation_entry_twin_temple, nicolae_vaults_little_squares_3,
          nicolae_vaults_hallways_thing, v_misc_12, vaults_room_door_ring,
          grunt_tower_of_power, hangedman_vaults_nodes, v_misc_10, v_pattern_3,
          vaults_room_stairs_pillars, layout_vaults_maze_snakey, serial_shops,
          shop
Vaults:5
Crypt:1:  layout_chaotic_city, mu_enter_wizlab_2, hangedman_weighted_door,
          uniq_bai_suzhen
Crypt:2:  layout_misc_corridors, item_on_display_b
Crypt:3:  church_of_pain_bobbens, layout_chaotic_city
Depths:1: layout_gridlike, enter_ziggurat_b, ebering_ghost_disaster_area,
          abyss_entry_small_statue_room, grunt_hell_entry_demonic_statue,
          hellmonk_scarab_ruin
Depths:2: lemuel_troll_bridge, layout_gridlike, minmay_curled_crystal,
          serial_shops, shop_statue, grunt_hell_entry_dis_grunt,
          rand_demon_pan_entry_9, lemuel_flamethrower_3
Depths:3: cheibrodos_quadrivalence, layout_gridville, kiku_gazebo_garden_becter,
          abyss_entry, serial_sigils, serial_sigils_hangedman_writhe,
          serial_sigils_hangedman_carve, serial_sigils_hangedman_shear,
          serial_sigils_hangedman_gnaw, hell_entry
Depths:4: grunt_zot_entry_gee_three, layout_cave_pools, abyss_entry_crystal,
          hangedman_abyss_or_decor_stagger, hell_entry
Zot:1:    layout_gridlike
Zot:2:    layout_onion_interference, uniq_tiamat
Zot:3:    layout_cellular_growth, gammafunk_ghost_cemetery
Zot:4:    layout_concentric_octagons
Zot:5:    layout_cathedral_of_symmetry

Skill      XL: |  1  2  3  4  5  6  7  8  9 10 11 12 13 14 15 16 17 18 19 20 21 22 23 24 25 26 |
---------------+-------------------------------------------------------------------------------+-----
Axes           | 4 5 7 9 11 13 15 16 18 20 23 24 27 | 27.0
Fighting       | 4 5 6 7 8 9 11 12 13 14 16 17 19 20 22 23 24 26 27 | 27.0
Armour         | 3 4 5 6 8 9 10 12 13 14 15 17 19 20 21 23 24 25 27 | 27.0
Dodging        | 3 4 5 6 7 8 10 11 12 13 14 16 17 19 20 21 22 24 25 27 | 27.0
Stealth        | 1 13 16 | 16.2

Action                     |  1- 3 |  4- 6 |  7- 9 | 10-12 | 13-15 | 16-18 | 19-21 | 22-24 | 25-27 || total
---------------------------+-------+-------+-------+-------+-------+-------+-------+-------+-------++-------
  Melee: Hand axe          |    88 |   101 |       |       |       |       |       |       |       ||   189
         Headbutt          |     7 |    17 |    36 |    64 |   182 |   207 |   308 |   358 |   156 ||  1335
         War axe           |       |    20 |   263 |    64 |       |       |       |       |       ||   347
         Punch             |       |     1 |     2 |     3 |       |       |       |       |       ||     6
         Broad axe         |       |       |       |    43 |       |       |       |       |       ||    43
         Executioner's axe |       |       |       |   260 |   784 |   999 |  1155 |  1211 |   510 ||  4919
 Invoke: Berserk           |       |     3 |     3 |     5 |    10 |     8 |     7 |     5 |     5 ||    46
         Trog's Hand       |       |     2 |     2 |     7 |    14 |     8 |     7 |     7 |     5 ||    52
         Brothers in Arms  |       |       |       |     1 |     5 |     5 |     4 |     3 |     5 ||    23
  Evoke: Wand              |       |       |       |       |       |       |       |       |     1 ||     1
    Use: Scroll            |       |     5 |     8 |     8 |    18 |     9 |     6 |     2 |     4 ||    60
         Potion            |       |       |       |       |     1 |       |     3 |       |     8 ||    12
   Stab: Distracted        |       |       |       |       |     1 |       |     1 |     1 |     6 ||     9
         Petrified         |       |       |       |       |       |     6 |       |       |       ||     6
         Petrifying        |       |       |       |       |       |     1 |       |       |       ||     1
 Armour: Animal skin       |     1 |       |       |       |       |       |       |       |       ||     1
         Scale mail        |    24 |    25 |       |       |       |       |       |       |       ||    49
         Chain mail        |       |    17 |       |       |       |       |       |       |       ||    17
         Ice dragon scales |       |       |   116 |    19 |       |       |       |       |       ||   135
         Plate armour      |       |       |       |   192 |     7 |       |       |       |       ||   199
         Crystal plate arm |       |       |       |       |   672 |   756 |   548 |   672 |   372 ||  3020
  Dodge: Dodged            |    47 |    53 |   137 |   167 |   411 |   457 |   448 |   559 |   387 ||  2666
  Block: Other             |       |       |       |       |       |   207 |   158 |   185 |   109 ||   659
         Reflection        |       |       |       |       |       |    16 |     9 |     9 |     1 ||    35

Table legend: (Time is in decaauts)
 A = Elapsed time spent in this place.
 B = Non-inter-level travel time spent in this place.
 C = Inter-level travel time spent in this place.
 D = Time resting spent in this place.
 E = Time spent auto-exploring this place.
 F = Levels seen in this place.
 G = Mean time per level.
                   A        B        C        D        E       F      G
               +--------+--------+--------+--------+--------+-----+--------+
         Total |  72975 |  66181 |   6794 |  11991 |  43964 |  55 | 1326.8 |
       Dungeon |  16390 |  14507 |   1883 |   1804 |  10735 |  15 | 1092.7 |
        Temple |    221 |    203 |     18 |      0 |    200 |   1 |  221.0 |
          Lair |   6951 |   6222 |    729 |    921 |   4401 |   5 | 1390.2 |
        Shoals |   6746 |   6322 |    424 |   1918 |   3623 |   4 | 1686.5 |
   Spider Nest |   5350 |   5073 |    277 |    565 |   3723 |   4 | 1337.5 |
  Orcish Mines |   2906 |   2502 |    404 |   1077 |   1100 |   2 | 1453.0 |
   Elven Halls |   5151 |   4844 |    307 |   1637 |   2331 |   3 | 1717.0 |
        Vaults |  10351 |   9102 |   1249 |   1142 |   6583 |   5 | 2070.2 |
         Crypt |   3325 |   3155 |    170 |    222 |   2247 |   3 | 1108.3 |
        Depths |   6495 |   5809 |    686 |    830 |   4266 |   4 | 1623.8 |
           Zot |   5316 |   4674 |    642 |   1208 |   2510 |   5 | 1063.2 |
        Bailey |    599 |    599 |      0 |     70 |    341 |   1 |  599.0 |
      Ice Cave |   1314 |   1314 |      0 |    428 |    674 |   1 | 1314.0 |
        Wizlab |    971 |    971 |      0 |    164 |    621 |   1 |  971.0 |
    Desolation |    885 |    885 |      0 |      0 |    607 |   1 |  885.0 |
               +--------+--------+--------+--------+--------+-----+--------+

Top non-repeatable levels by time:
Vaults:1: 2642 daAuts
Shoals:4: 2468 daAuts
   Elf:3: 2430 daAuts
Vaults:2: 2230 daAuts
Vaults:5: 2071 daAuts
Depths:2: 2030 daAuts
  Lair:5: 1890 daAuts
Vaults:4: 1808 daAuts
    D:13: 1751 daAuts
Depths:1: 1747 daAuts
Spider:3: 1714 daAuts
Spider:2: 1686 daAuts
    D:14: 1667 daAuts
   Orc:2: 1663 daAuts
Shoals:3: 1659 daAuts
